 Dungeon Crawl Stone Soup version 0.29-a0-221-gceb61267dd (webtiles) character file.

Game seed: 6816432619826527132

28 Aksej the Skirmisher (level 2, -1/24 HPs)
             Began as a Demonspawn Monk on Feb 26, 2022.
             Slain by a frilled lizard (2 damage)
             ... on level 2 of the Dungeon.
             The game lasted 00:01:34 (997 turns).

Aksej the Skirmisher (Demonspawn Monk)               Turns: 997, Time: 00:01:35

Health: -1/24      AC:  2    Str: 11    XL:     2   Next: 96%
Magic:  2/2        EV: 13    Int: 11    God:
Gold:   6          SH:  4    Dex: 15    Spells: 1/1 levels left

rFire   . . .      SeeInvis .   a - +0 mace
rCold   . . .      Faith    .   (no shield)
rNeg    . . .      Spirit   .   b - +0 robe
rPois   .          Reflect  .   (no helmet)
rElec   .          Harm     .   (no cloak)
rCorr   .          Rampage  .   (no gloves)
Will    .....                   (no boots)
Stlth   ++........              (no amulet)
HPRegen 0.08/turn               (no ring)
MPRegen 0.08/turn               (no ring)

@: weak-willed
A: condensation shield
a: no special abilities


You were on level 2 of the Dungeon.
You visited 1 branch of the dungeon, and saw 2 of its levels.

You collected 6 gold pieces.

Inventory:

Hand Weapons
 a - a +0 mace (weapon)
Armour
 b - a +0 robe (worn)


   Skills:
 * Level 3.4 Fighting
 + Level 3.3 Maces & Flails
 + Level 2.7 Dodging
 + Level 1.8 Stealth
 + Level 0.1 Shields


You had one spell level left.
You didn't know any spells.
Your spell library was empty.

Dungeon Overview and Level Annotations

Branches:
Dungeon (1/15)

Altars:

Annotations:
D:2 Robin


Innate Abilities, Weirdness & Mutations

A meltable shield of frost defends you. (SH +4)


Message History

The goblin closely misses you.
You hit the goblin.
You kill the goblin!
The goblin misses you.
You sock the goblin!
You kill the goblin!
You barely miss the hobgoblin.
The hobgoblin hits you but does no damage.
The hobgoblin hits you.
* * * LOW HITPOINT WARNING * * *
You hit the hobgoblin.
The hobgoblin is severely wounded.
The hobgoblin hits you.
* * * LOW HITPOINT WARNING * * *
You aren't carrying any potions.
You hit the hobgoblin.
You kill the hobgoblin!
You closely miss the goblin. Your punch misses the goblin.
The goblin hits you but does no damage.
You barely miss the goblin. The goblin barely misses you.
You barely miss the goblin. The goblin misses you.
The goblin hits you with a +0 club.
* * * LOW HITPOINT WARNING * * *
As you read the scroll labelled ANAACO NEP, it crumbles to dust.
Magic quickly surges around you.
It was a scroll of vulnerability.
The goblin hits you with a +0 club.
* * * LOW HITPOINT WARNING * * *
A goblin comes into view. It is wielding a +1 dagger of draining.
Things that are here:
a +0 club; a +0 hunting sling A hobgoblin comes into view.
Found a stone staircase leading down.
The hobgoblin barely misses you.
A ball python comes into view.
The ball python hisses angrily.
The ball python moves out of view.
A frilled lizard comes into view.
The frilled lizard bites you.
* * * LOW HITPOINT WARNING * * *
The frilled lizard bites you.
You die...

#..##.## .# #g.
#g# ##.# #.#..##.#
...# #.#..##.#
#..# #.#..##)#
#..# #.#!.##.#
#..######.#..##)##
#..##........g....
#@l##.# #.#..#..##
#..##.# #.........
#.g##.###.#..#.#..
#>.g.Sgg.g#..#.#.#
##.##.###.#..#.#.#
#.##.# #.#..#.#.#
...... #.........
#.#.#...........
#......##....###


You could see a hobgoblin, a goblin (weak-willed) and a frilled lizard.

Vanquished Creatures
  2 ball pythons (D:1)
  2 bats
  An endoplasm (D:1)
  A giant cockroach (D:1)
  5 goblins
  4 hobgoblins
  4 jackals (D:2)
  A frilled lizard (D:1)
  A kobold (D:1)
  A rat (D:1)
22 creatures vanquished.

Vanquished Creatures (others)
  A goblin (D:2)
1 creature vanquished.

Grand Total: 23 creatures vanquished

Notes
Turn   | Place    | Note
-------+----------+-------------------------------------------
     0 | D:1      | Aksej the Demonspawn Monk began the quest for the Orb.
     0 | D:1      | Reached XP level 1. HP: 18/18 MP: 1/1
   315 | D:1      | Gained mutation: A meltable shield of frost defends you.
                  | (SH +4) [demonic ancestry]
   315 | D:1      | Reached XP level 2. HP: 11/24 MP: 2/2
   715 | D:1      | You fall into a shaft and drop 1 floor!
   955 | D:2      | Noticed Robin
   996 | D:2      | HP: 1/24 [frilled lizard (2)]
   997 | D:2      | Slain by a frilled lizard

Illustrated notes

Levels and vault maps discovered:
D:1:      lightli_arrival_flooded_house, layout_basic
D:2:      layout_basic, hellmonk_ecumenical_altar_dog_temple, basic_altar,
          minmay_hexomino_f4, uniq_robin

Skill      XL: |  1  2 |
---------------+-------+-----
Maces & Flails | 3 |  3.3
Fighting       | |  3.4
Dodging        | |  2.7
Stealth        | |  1.8
Shields        | |  0.1

Action                   || total
-------------------------++-------
Melee: Mace              ||    72
       Punch             ||     1
  Use: Scroll            ||     1
 Stab: Sleeping          ||     1
Armor: Robe              ||    16
Dodge: Dodged            ||    54
Block: Other             ||    13

Table legend: (Time is in decaauts)
 A = Elapsed time spent in this place.
 B = Non-inter-level travel time spent in this place.
 C = Inter-level travel time spent in this place.
 D = Time resting spent in this place.
 E = Time spent auto-exploring this place.
 F = Levels seen in this place.
 G = Mean time per level.
                   A        B        C        D        E       F      G
               +--------+--------+--------+--------+--------+-----+--------+
         Total |   1016 |   1016 |      0 |      0 |    839 |   2 |  508.0 |
       Dungeon |   1016 |   1016 |      0 |      0 |    839 |   2 |  508.0 |
               +--------+--------+--------+--------+--------+-----+--------+

Top non-repeatable levels by time:
     D:1: 723 daAuts
     D:2: 292 daAuts
